 Dungeon Crawl Stone Soup version 0.31-a0-1074-g0b22e4e0f1 (webtiles) character file.

Game seed: 3910262732048797811

654 Vonlo the Trooper (level 7, -22/55 HPs)
             Began as a Human Cinder Acolyte on Nov 27, 2023.
             Was a High Priest of Ignis.
             Annihilated by an ogre
             ... wielding a +0 giant spiked club
              (29 damage)
             ... on level 5 of the Dungeon.
             The game lasted 00:43:46 (3498 turns).

Vonlo the Trooper (Human Cinder Acolyte)            Turns: 3498, Time: 00:43:47

Health: -22/55     AC: 11    Str: 16    XL:     7   Next: 84%
Magic:  8/8        EV:  5    Int: 15    God:    Ignis [*****.]
Gold:   362        SH:  0    Dex: 22    Spells: 8/8 levels left

rFire   + . .        f - +7 dagger of Peusamu {heavy, rN+ Dex+8}
rCold   . . .        (no shield)
rNeg    + . .        R - +0 plate armour
rPois   .            (helmet currently unavailable)
rElec   .            (cloak currently unavailable)
rCorr   .            (gloves currently unavailable)
SInv    .            (boots currently unavailable)
Will    .....        (no amulet) Stlth
                     K - +6 ring of dexterity
HPRegen 0.29/turn    I - ring of flight
MPRegen 0.11/turn

%: no passive effects
@: beast-form, flying
A: beast (slay +0)
a: Begin Untransformation, Renounce Religion, Fiery Armour, Foxfire Swarm,
Rising Flame


You were on level 5 of the Dungeon.
You worshipped Ignis.
Ignis was extremely pleased with you.
You were a hulking beast.
You visited 2 branches of the dungeon, and saw 6 of its levels.

You collected 362 gold pieces.

Inventory:

Hand Weapons
 a - a -1 falchion of flaming
 c - a +0 spear
 e - a +0 whip
 f - the +7 dagger of Peusamu (weapon) {heavy, rN+ Dex+8}
   (You found it on level 2 of the Dungeon)

   Dex+8:     It affects your dexterity (+8).
   rN+:       It protects you from negative energy.
 i - a +0 club
 j - a +0 sling
 k - a +0 dagger
 q - a +0 club
 r - a +0 club
 s - a +0 club
 t - a +0 club
 v - a +0 falchion
 y - a +0 club
 C - a +3 dagger
 E - a +0 whip
 F - a +0 dagger
 L - a +0 club
 M - a +0 flail
 N - a +0 whip
Missiles
 g - 55 stones
 D - 3 large rocks
 T - 7 poisoned darts
Armour
 b - a +0 robe
 n - a +0 robe
 B - a +3 ring mail
 R - a +0 plate armour (worn)
Jewellery
 I - a ring of flight (right hand)
 K - a +6 ring of dexterity (left hand)
Talismans
 l - a beast talisman (active)
Wands
 u - a wand of light (3)
 w - a wand of roots (14)
 P - a wand of charming (4)
Scrolls
 d - 3 scrolls of identify {unknown}
 h - a scroll of enchant armour {unknown}
 m - 5 scrolls of teleportation {unknown}
 x - a scroll of noise {unknown}
 z - a scroll of fear {unknown}
 A - 2 scrolls of revelation {unknown}
 G - 2 scrolls of blinking {unknown}
 H - a scroll of enchant weapon {unknown}
 J - a scroll of fog {unknown}
 O - a scroll of amnesia {unknown}
Potions
 o - 2 potions of ambrosia {unknown}
 p - 2 potions of attraction {unknown}
 Q - a potion of curing
 S - a potion of degeneration {unknown}


   Skills:
 * Level 4.5 Fighting
 * Level 4.4(5.3) Short Blades
 * Level 4.5(5.4) Long Blades
 - Level 0.2 Polearms
 * Level 3.1 Armour
 + Level 1.7 Dodging
 + Level 1.0 Spellcasting
 - Level 3.1 Fire Magic


You had 8 spell levels left.
You didn't know any spells.
Your spell library contained the following spells:

 Spells                   Type           Power      Damage    Failure   Level
 Scorch                   Fire           20%        2d5       99%         2
 Magic Dart               Conj           0%         1d3       100%        1
 Call Imp                 Summ           0%         N/A       100%        2
 Mephitic Cloud           Conj/Pois/Air  0%         N/A       100%        3


Dungeon Overview and Level Annotations

Branches:
Dungeon (5/15)             Temple (1/1) D:4

Altars:
Ashenzari
Cheibriados
Dithmenos
Elyvilon
Fedhas
Gozag
Hepliaklqana
Kikubaaqudgha
Makhleb
Nemelex Xobeh
Okawaru
Qazlal
Ru
Trog
Uskayaw
Vehumet
Wu Jian
Xom
Yredelemnul
Zin
The Shining One

Shops:
D:4 :


Message History

You reach down and open the door.
A scorpion and a white imp come into view.
The white imp shouts, "Remove thy stench, thou qualling dismal-dreaming strumpet!"
You puncture the scorpion!
The scorpion is severely wounded.
The scorpion stings you.
An ogre comes into view. It is wielding a +0 giant spiked club.
You puncture the scorpion!
You kill the scorpion!
The white imp gestures at you. The puff of frost misses you.
There is an open door here.
You see here a scorpion corpse.
The white imp grins evilly.
The white imp gestures at you. The puff of frost hits you!
You puncture the white imp!
The white imp is severely wounded.
The white imp grinds its teeth.
The white imp barely misses you.
You hit the ogre.
The ogre is moderately wounded.
You hit the white imp.
You kill the white imp!
The ogre hits you with a +0 giant spiked club!
You completely miss the ogre.
The ogre is moderately wounded.
You hit the ogre.
The ogre is moderately wounded.
The ogre hits you but does no damage.
You puncture the ogre!
The ogre is severely wounded.
The ogre hits you with a +0 giant spiked club!!
Ouch! That really hurt!
* * * LOW HITPOINT WARNING * * *
You hit the ogre.
The ogre is almost dead.
The ogre hits you with a +0 giant spiked club!!
Ouch! That really hurt!
You die...

#.>.############
##.............#
#.#####.......###
#.#####.........#####
#....##.<.....#+#...#+
####......#####.......
###..#)#.#.........
####...##........
#......†hO......
#......##.......
#.......#.......
+.......####+###
#.......# #......##
#......+ ###...##
#+#.#


You could see an ogre.

Vanquished Creatures
  An ice beast (D:4)
  An ogre (D:4)
  A phantom (D:4)
  2 scorpions
  A hound (D:4)
  A sleepcap (D:4)
  Natasha (thrice) (D:2)
  6 gnolls (D:4)
  3 adders
  A white imp (D:5)
  2 dart slugs
  A worm (D:2)
  4 orcs
  7 endoplasms
  4 giant cockroaches
  3 goblins
  4 hobgoblins
  2 quokkas
  7 ball pythons
  A bat (D:2)
  2 frilled lizards (D:2)
  8 kobolds
  9 rats
74 creatures vanquished.

Notes
Turn   | Place    | Note
-------+----------+-------------------------------------------
     0 | D:1      | Vonlo the Human Cinder Acolyte began the quest for the Orb.
     0 | D:1      | Reached XP level 1. HP: 18/18 MP: 2/2
   367 | D:1      | Reached XP level 2. HP: 24/24 MP: 3/3
  1116 | D:2      | HP: 1/24 [poisoned by an adder]
  1119 | D:2      | Reached skill level 1 in Dodging
  1119 | D:2      | Reached XP level 3. HP: 7/29 MP: 4/4
  1124 | D:2      | Identified the +7 dagger of Peusamu {heavy, rN+ Dex+8}
  1343 | D:2      | Noticed Natasha
  1353 | D:2      | Killed Natasha
  1354 | D:2      | Reached XP level 4. HP: 32/36 MP: 5/5
  1410 | D:2      | Noticed Natasha
  1418 | D:2      | Killed Natasha
  1482 | D:2      | Noticed Natasha
  1491 | D:2      | Killed Natasha
  1492 | D:2      | Reached skill level 1 in Short Blades
  1492 | D:2      | Reached XP level 5. HP: 42/42 MP: 6/6
  2124 | D:3      | Found a faded altar of an unknown god.
  2218 | D:3      | Reached skill level 1 in Armour
  2573 | D:4      | Found a staircase to the Ecumenical Temple.
  2725 | D:4      | Noticed a phantom
  2726 | D:4      | Noticed an ogre
  2731 | D:4      | Reached XP level 6. HP: 48/48 MP: 7/7
  2755 | D:4      | Killed an ogre
  2756 | D:4      | Reached XP level 7. HP: 15/55 MP: 8/8
  3249 | D:4      | Found Nihil's Tiny Tomes.
  3267 | Temple   | Entered the Ecumenical Temple
  3444 | D:5      | Entered Level 5 of the Dungeon
  3498 | D:5      | Annihilated by an ogre

Illustrated notes

Levels and vault maps discovered:
D:1:      lightli_arrival_windingriver, layout_loops_cross
D:2:      layout_basic, uniq_natasha
D:3:      layout_rooms, hellmonk_ecumenical_altar_run_dry
D:4:      layout_rooms, minmay_temple_entry_ruins,
          nicolae_shop_i_like_small_books_too, minivault_14,
          minmay_joined_circles
D:5:      nicolae_cairo_tiling_very_big, layout_rooms
Temple:   compressed_dpeg_circular_temple

Skill      XL: |  1  2  3  4  5  6  7 |
---------------+----------------------+-----
Dodging        | 1 |  1.7
Short Blades   | 1 2 3 4 |  4.4
Long Blades    | 4 |  4.5
Armour         | 1 2 3 |  3.1
Fighting       | 4 |  4.5
Polearms       | |  0.2
Spellcasting   | |  1.0
Fire Magic     | |  3.1

Action                     |  1- 3 |  4- 6 |  7- 9 || total
---------------------------+-------+-------+-------++-------
  Melee: Spear             |    51 |       |       ||    51
         Falchion          |    50 |       |       ||    50
         Punch             |     1 |       |       ||     1
         Dagger            |    21 |    78 |    53 ||   152
    Use: Potion            |     1 |       |       ||     1
   Stab: Sleeping          |     1 |       |       ||     1
 Armour: Robe              |    52 |       |       ||    52
         Ring mail         |     7 |    34 |     7 ||    48
         Plate armour      |       |       |    32 ||    32
  Dodge: Dodged            |    41 |    40 |    17 ||    98
   Form: Beast             |     1 |       |       ||     1

Table legend: (Time is in decaauts)
 A = Elapsed time spent in this place.
 B = Non-inter-level travel time spent in this place.
 C = Inter-level travel time spent in this place.
 D = Time resting spent in this place.
 E = Time spent auto-exploring this place.
 F = Levels seen in this place.
 G = Mean time per level.
                   A        B        C        D        E       F      G
               +--------+--------+--------+--------+--------+-----+--------+
         Total |   3558 |   3497 |     61 |    302 |   1141 |   6 |  593.0 |
       Dungeon |   3443 |   3382 |     61 |    302 |   1141 |   5 |  688.6 |
        Temple |    114 |    114 |      0 |      0 |      0 |   1 |  114.0 |
               +--------+--------+--------+--------+--------+-----+--------+

Top non-repeatable levels by time:
     D:1: 1321 daAuts
     D:2: 844 daAuts
     D:4: 807 daAuts
     D:3: 414 daAuts
  Temple: 114 daAuts
     D:5: 55 daAuts
